 Dungeon Crawl Stone Soup version 0.16.0-12-g7215832 (webtiles) character file.

118171 asthiss the Bludgeoner (level 16, -9/155 HPs)
             Began as a Minotaur Berserker on Mar 16, 2015.
             Was a High Priest of Trog.
             Blown up by an orb spider (41 damage)
             ... with an orb of destruction
             ... on level 3 of the Spider Nest on Mar 18, 2015.
             The game lasted 05:51:28 (33122 turns).

asthiss the Bludgeoner (Minotaur Berserker)        Turns: 33122, Time: 05:51:28

Health: -9/155     AC: 22    Str: 31    XL:     16   Next: 24%
Magic:  18/18      EV: 28    Int:  6    God:    Trog [*****.]
Gold:   1405       SH:  0    Dex: 17    Spells: 0 memorised, 15 levels left

rFire  + . .     SeeInvis .     m - +10 quarterstaff "Diwnieso" {venom, Noisy rC- rN++ MR+ Dex+2}
rCold  x . .     Clarity  .     i - +3 chain mail {rF+}
rNeg   + + .     SustAb   .     (no shield)
rPois  +         Gourm    .     u - +0 hat
rElec  +         Spirit   .     n - +1 cloak {rPois}
rCorr  .         Warding  .     (no gloves)
rMut   .         Stasis   .     L - +2 pair of boots
MR     ++...                    T - amulet of the Air {Inacc +Fly rElec EV+5 RMsl}
Stlth  ..........               g - +5 ring of evasion
                                z - +5 ring of strength

@: repel missiles, very resistant to hostile enchantments, extremely unstealthy
A: retaliatory headbutt, claws 1, horns 2, thin skeletal structure 1, clever 1
a: Burn Spellbooks, Berserk, Trog's Hand, Brothers in Arms, Renounce Religion,
Evoke Flight


You were on level 3 of the Spider Nest.
You worshipped Trog.
Trog was extremely pleased with you.
You were very hungry.

You visited 6 branches of the dungeon, and saw 32 of its levels.
You also visited: Volcano.

You collected 3507 gold pieces.
You spent 2102 gold pieces at shops.

Inventory:

Hand weapons
 b - a +0 great mace of flaming
 m - the +10 quarterstaff "Diwnieso" (weapon) {venom, Noisy rC- rN++ MR+ Dex+2}
   (Trog gifted it to you on level 12 of the Dungeon)

   It poisons the flesh of those it strikes.
   It affects your dexterity (+2).
   It makes you vulnerable to cold.
   It greatly protects you from negative energy.
   It affects your resistance to hostile enchantments.
   It may make noises in combat.
 p - a +5 great mace of protection
 y - a +8 great mace of holy wrath
 O - a +0 quarterstaff of freezing
 S - a +4 antimagic great mace
 Z - a +3 battleaxe of electrocution
Missiles
 k - 9 javelins of penetration
 x - a tomahawk of returning (quivered)
 Y - 4 tomahawks of dispersal
Armour
 f - an ice dragon hide
 i - a +3 chain mail of fire resistance (worn)
 n - a +1 cloak of poison resistance (worn)
 u - a +0 hat (worn)
 D - the +0 leather armour of Okawaru's Reproof {rElec rPois rN+++ Str-2}
   (You found it on level 10 of the Dungeon)

   It affects your strength (-2).
   It insulates you from electricity.
   It protects you from poison.
   It renders you almost immune to negative energy.
 L - a +2 pair of boots (worn)
 N - a mottled dragon hide
Jewellery
 g - a +5 ring of evasion (right claw)
 o - an uncursed ring of protection from magic
 w - an uncursed ring of invisibility
 z - a +5 ring of strength (left claw)
 T - the amulet of the Air (around neck) {Inacc +Fly rElec EV+5 RMsl}
   (You found it on level 15 of the Dungeon)

   [amulet of inaccuracy]

   It reduces the accuracy of all your attacks.
   It affects your evasion (+5).
   It insulates you from electricity.
   It lets you fly.
   It protects you from missiles.
Magical devices
 j - a wand of teleportation (5)
 t - a wand of paralysis (6)
 B - a wand of heal wounds (5)
 G - a wand of digging (13)
 I - a wand of slowing (32)
 M - a wand of lightning (5)
 Q - a wand of teleportation (4)
Scrolls
 a - a scroll of recharging
 d - 2 scrolls of fear
 e - a scroll of blinking
 h - 4 scrolls of teleportation
 l - 9 scrolls of remove curse
 A - 7 scrolls of magic mapping
 E - 8 scrolls of identify
 W - a scroll of silence
Potions
 c - 2 potions of cure mutation
 q - a potion of resistance
 s - a potion of heal wounds
 v - 11 potions of curing
 C - 4 potions of restore abilities
 J - a potion of invisibility
 K - a potion of agility
 P - 2 potions of haste
Miscellaneous
 H - a legendary deck of wonders
 R - a box of beasts
 V - a disc of storms
Comestibles
 r - 26 fruits
 F - 10 meat rations
 X - a royal jelly


   Skills:
 + Level 17.0 Fighting
 - Level 20.0(20.1) Maces & Flails
 - Level 4.1(14.1) Staves
 - Level 7.0 Throwing
 + Level 13.2 Armour
 + Level 12.9 Dodging
 - Level 5.0 Evocations


You had 15 spell levels left.
You didn't know any spells.

Dungeon Overview and Level Annotations

Branches:
Dungeon (15/15)            Temple (1/1) D:6            Lair (8/8) D:10
  Swamp (0/5) Lair:6       Shoals (0/5) Lair:6       Spider (3/5) Lair:6
  Slime (0/6) Lair:8          Orc (4/4) D:12            Elf (1/3) Orc:4
 Vaults (0/5) D:13         Depths (0/5) D:15

Altars:
Ashenzari
Cheibriados
Dithmenos
Elyvilon
Fedhas
Gozag
Kikubaaqudgha
Makhleb
Nemelex Xobeh
Okawaru
Qazlal
Ru
Sif Muna
Trog
Vehumet
Xom
Yredelemnul
Zin
The Shining One
Jiyva

Shops:
D:8 [[   D:11 !   D:14 *   D:15 (   Orc:3 *   Orc:4 [[*}


Innate Abilities, Weirdness & Mutations

You reflexively headbutt those who attack you in melee.
You have a pair of horns on your head.
You have sharp fingernails.
You have a somewhat thin skeletal structure (Dex +2, Stealth).
Your mind is acute. (Int +2)


Message History

You furiously retaliate!
You headbutt the jumping spider, but do no damage.
The jumping spider closely misses you.
The orb spider weaves a glowing orb of energy.
You thump the redback!!
You kill the redback!
Trog accepts your kill.
The jumping spider pounces on you but does no damage.
The jumping spider closely misses you.
You miss the jumping spider.
Your headbutt misses the jumping spider.
The jumping spider is lightly wounded.
The jumping spider closely misses you. x2
You hit the jumping spider.
The jumping spider is poisoned.
You headbutt the jumping spider!
The jumping spider is severely wounded.
You kill the jumping spider!
Trog accepts your kill. The orb of destruction hits you!
You die...

#).##.....^..>..^#
.#.............###
..............^...#
.....^^..†....s...#
....##........§...##
#.####.....B.§....#
....^......††§.....#.
...#...#....§........
....#.#.....@..#.....
................#.....
#.#.........<........
#....#.#.....<.....
#..#......#........
.................... .
..................
.........^........
.^.....#.....#..


You could see a boulder beetle and an orb spider.

Vanquished Creatures
  Kirke (D:14)
  A ghost moth (Spider:1)
  A mottled draconian (Volcano)
  4 fire dragons
  Josephine (D:13)
  Fannar (D:12)
  A great orb of eyes (D:12)
  The ghost of Leibowitz the Spear-Bearer, a powerful MfGl of Gozag (Orc:3)
  6 hydras
  An ice dragon (D:15)
  Nessos (D:15)
  A catoblepas (Lair:8)
  9 death yaks
  4 tengu warriors
  2 dancing weapons (D:13)
  3 centaur warriors
  Urug (Orc:2)
  Nergalle (Orc:2)
  3 skeletal warriors (D:10)
  A flayed ghost (D:12)
  Erolcha (D:9)
  7 hill giants
  4 orc knights
  6 wolf spiders
  An unseen horror (D:13)
  4 manticores
  8 orb spiders
  6 ugly things
  3 orc sorcerers (Orc:4)
  4 cyclopes
  2 hornets
  A griffon (Lair:6)
  5 elephants (Lair:8)
  Joseph (D:10)
  7 spiny frogs
  5 black mambas
  3 gargoyles
  Psyche (D:13)
  2 kobold demonologists (D:15)
  7 demonic crawlers
  An efreet (D:14)
  3 fire drakes
  6 komodo dragons
  5 trolls
  A two-headed ogre (shapeshifter) (D:9)
  3 tengu conjurers
  A wind drake (shapeshifter) (D:12)
  Sonja (D:11)
  Grinder (D:5)
  10 ravens
  A boulder beetle (Lair:5)
  13 jumping spiders
  6 slime creatures (D:12)
  7 two-headed ogres
  17 blink frogs
  A snapping turtle (Lair:6)
  A hornet zombie (D:15)
  2 basilisks (Lair:2)
  14 redbacks
  A water elemental (D:12)
  6 trapdoor spiders
  4 shadows
  3 deep elf magi
  8 wraiths
  4 tarantellas
  4 wyverns
  51 yaks
  A deep elf fighter (Volcano)
  Edmund (Orc:1)
  A mottled dragon (D:12)
  16 water moccasins
  9 porcupines
  A warg (Orc:3)
  14 hippogriffs
  11 vampire mosquitoes
  4 hungry ghosts
  A soldier ant (shapeshifter) (D:15)
  13 wasps
  11 wolves
  A swamp drake (Lair:1)
  2 phantoms
  4 ice beasts
  7 sky beasts
  17 orc warriors
  13 spiders
  An orc zombie (Orc:4)
  A black bear (D:11)
  15 ogres
  An eye of draining (D:14)
  10 centaurs
  3 boring beetles
  Sigmund (D:6)
  15 giant frogs
  2 gnoll sergeants
  6 big kobolds
  18 crocodiles
  6 scorpions
  15 killer bees
  8 wights
  2 goliath beetles (D:7)
  9 electric eels
  5 jellies
  2 giant frog skeletons
  A lava snake (Orc:3)
  5 centaur zombies
  14 orc priests
  2 crimson imps
  12 hounds
  6 hell rats (Lair:5)
  27 orc wizards
  10 worker ants
  4 centaur skeletons
  Natasha (twice) (D:4)
  8 iguanas
  16 sheep
  A worker ant zombie (D:9)
  A hound skeleton (D:5)
  22 gnolls
  51 river rats
  4 shadow imps
  12 white imps (D:12)
  38 adders
  5 worms
  2 adder zombies (D:7)
  An ooze (D:5)
  111 orcs
  20 bats
  A bat skeleton (D:5)
  4 giant cockroaches
  25 hobgoblins
  25 jackals
  36 kobolds
  15 quokkas
  2 ball pythons
  4 giant geckos
  10 giant newts
  19 goblins
  2 quokka skeletons
  A quokka zombie (D:7)
  24 rats
  6 ballistomycetes
  4 fungi
  5 plants
1102 creatures vanquished.

Vanquished Creatures (collateral kills)
  A hydra (Lair:7)
  2 catoblepae (Lair:8)
  3 orc high priests (Orc:4)
  9 death yaks
  2 orc sorcerers (Orc:4)
  An orc knight (Orc:4)
  A cyclops (D:12)
  A blink frog (Lair:7)
  A raven (D:14)
  3 yaks
  A hippogriff (D:10)
  2 porcupines (Lair:7)
  3 orc warriors (Orc:4)
  An ogre (D:10)
  2 scorpions (D:10)
  A jelly (D:10)
  An orc priest (Orc:4)
  2 orc wizards (Orc:4)
  An orc (D:10)
  A giant spore (D:14)
39 creatures vanquished.

Vanquished Creatures (others)
  2 trolls
  A deep elf mage (D:14)
  3 humans (D:14)
  A kobold (D:9)
  A quokka (D:6)
  2 giant spores
  A ballistomycete (D:15)
  8 fungi
  3 plants
22 creatures vanquished.

Grand Total: 1163 creatures vanquished

Notes
Turn   | Place    | Note
--------------------------------------------------------------
     0 | D:1      | asthiss, the Minotaur Berserker, began the quest for the Orb.
     0 | D:1      | Reached XP level 1. HP: 19/19 MP: 1/1
     2 | D:1      | Noticed a demigod
     2 | D:1      | Noticed a centaur
     4 | D:1      | Noticed a demonspawn
     4 | D:1      | Noticed a minotaur
     6 | D:1      | Noticed a vampire
     8 | D:1      | Noticed a gargoyle
    10 | D:1      | Noticed a draconian
    10 | D:1      | Noticed a troll
    12 | D:1      | Noticed a merfolk
    12 | D:1      | Noticed an ogre
    14 | D:1      | Noticed a felid
    14 | D:1      | Noticed a spriggan
    16 | D:1      | Noticed a vine stalker
    16 | D:1      | Noticed a dwarf
    18 | D:1      | Noticed an elf
    20 | D:1      | Noticed a formicid
    20 | D:1      | Noticed a tengu
    22 | D:1      | Noticed a human
    24 | D:1      | Noticed an octopode
    26 | D:1      | Noticed a naga
    26 | D:1      | Noticed a ghoul
   173 | D:1      | Reached XP level 2. HP: 24/27 MP: 1/1
   214 | D:1      | Gained mutation: Your mind is acute. (Int +2) [potion of mutation]
   214 | D:1      | Gained mutation: You have a somewhat thin skeletal structure (Dex +2, Stealth). [potion of mutation]
   214 | D:1      | Gained mutation: You have sharp fingernails. [potion of mutation]
   324 | D:1      | Acquired Trog's second power
   378 | D:1      | Reached skill level 4 in Maces & Flails
   470 | D:1      | Reached skill level 1 in Throwing
   514 | D:1      | Reached XP level 3. HP: 22/33 MP: 2/2
   959 | D:2      | Found an ancient bone altar of Kikubaaqudgha.
  1094 | D:2      | Reached XP level 4. HP: 33/40 MP: 2/2
  1337 | D:2      | Reached skill level 5 in Maces & Flails
  2073 | D:3      | Acquired Trog's third power
  2673 | D:4      | Reached XP level 5. HP: 43/46 MP: 2/2
  3216 | D:4      | Reached skill level 6 in Maces & Flails
  3242 | D:4      | Noticed a giant frog
  3250 | D:4      | Killed a giant frog
  3250 | D:4      | Reached XP level 6. HP: 33/52 MP: 3/3
  3398 | D:4      | Found a stormy altar of Qazlal.
  3658 | D:4      | Found a sparkling altar of Nemelex Xobeh.
  3658 | D:4      | Noticed a deep elf mage
  3676 | D:4      | Killed a deep elf mage
  3676 | D:4      | Reached skill level 7 in Maces & Flails
  3701 | D:4      | Noticed Natasha
  3704 | D:4      | Killed Natasha
  3749 | D:4      | Noticed Natasha
  3755 | D:4      | Killed Natasha
  3836 | D:5      | Entered Level 5 of the Dungeon
  3861 | D:5      | Reached XP level 7. HP: 58/58 MP: 3/3
  3905 | D:5      | Reached skill level 8 in Maces & Flails
  3956 | D:5      | Noticed Grinder
  3964 | D:5      | Paralysed by Grinder for 3 turns
  3976 | D:5      | Killed Grinder
  3976 | D:5      | Reached skill level 9 in Maces & Flails
  4208 | D:5      | Reached skill level 5 in Throwing
  4228 | D:5      | Found an iron altar of Okawaru.
  4275 | D:5      | Reached XP level 8. HP: 63/66 MP: 3/3
  4356 | D:5      | Upgraded the game from 0.16.0-8-gd9ae3a8 to 0.16.0-11-gd45b091
  4522 | D:6      | Reached skill level 10 in Maces & Flails
  4526 | D:6      | Found a staircase to the Ecumenical Temple.
  4636 | D:6      | Found a white marble altar of Elyvilon.
  4803 | D:6      | Received a gift from Trog
  5236 | D:6      | Noticed Sigmund
  5245 | D:6      | Killed Sigmund
  5501 | Temple   | Entered the Ecumenical Temple
  6121 | D:7      | Reached skill level 11 in Maces & Flails
  6303 | D:7      | Reached XP level 9. HP: 69/71 MP: 4/4
  6328 | D:7      | Reached skill level 12 in Maces & Flails
  7290 | D:7      | Reached skill level 13 in Maces & Flails
  7421 | D:8      | Found Klopafoa's Antique Armour Emporium.
  7425 | D:8      | Bought an embroidered cloak for 126 gold pieces
  7675 | D:8      | Found Tiqeum's Armour Shoppe.
  7704 | D:8      | You fall through a shaft!
  7738 | D:9      | Reached skill level 14 in Maces & Flails
  8192 | D:9      | Found a glowing silver altar of Zin.
  8258 | D:9      | Reached XP level 10. HP: 70/78 MP: 4/4
  8285 | D:9      | Noticed Erolcha
  8289 | D:9      | Killed Erolcha
  8289 | D:9      | Reached skill level 15 in Maces & Flails
  8480 | D:9      | Noticed a fire dragon
  8491 | D:9      | Killed a fire dragon
  8491 | D:9      | Reached skill level 16 in Maces & Flails
  8492 | D:9      | Noticed a fire dragon
  8504 | D:9      | Killed a fire dragon
  8505 | D:9      | Noticed a centaur warrior
  8511 | D:9      | Noticed a hill giant
  8514 | D:9      | Killed a centaur warrior
  8514 | D:9      | Reached skill level 17 in Maces & Flails
  8525 | D:9      | Killed a hill giant
  8531 | D:9      | Reached XP level 11. HP: 65/83 MP: 4/4
  8535 | D:9      | Noticed a gargoyle
  8541 | D:9      | Killed a gargoyle
  8747 | D:10     | Entered Level 10 of the Dungeon
  8747 | D:10     | Noticed a hill giant
  8752 | D:10     | Killed a hill giant
  8752 | D:10     | Received a gift from Trog
  8752 | D:10     | Reached skill level 18 in Maces & Flails
  9001 | D:10     | Noticed a hill giant
  9007 | D:10     | Killed a hill giant
  9029 | D:10     | Got a shimmering leather armour
  9151 | D:10     | Noticed a skeletal warrior
  9151 | D:10     | Noticed a skeletal warrior
  9169 | D:10     | Killed a skeletal warrior
  9175 | D:10     | Noticed Joseph
  9176 | D:10     | Killed a skeletal warrior
  9295 | D:10     | Killed Joseph
  9327 | D:10     | Noticed a skeletal warrior
  9336 | D:10     | Killed a skeletal warrior
  9705 | D:10     | Reached skill level 19 in Maces & Flails
  9710 | D:10     | Found a staircase to the Lair.
  9796 | Lair:1   | Entered Level 1 of the Lair of Beasts
 10454 | Lair:1   | Received a gift from Trog
 10873 | Lair:1   | Reached skill level 20 in Maces & Flails
 11288 | Lair:2   | Reached XP level 12. HP: 91/91 MP: 5/5
 11647 | Lair:2   | Reached skill level 5 in Fighting
 11868 | Lair:2   | Found a dark tunnel.
 11894 | Volcano  | Entered a volcano
 11919 | Volcano  | Reached skill level 5 in Armour
 12051 | Volcano  | Noticed a mottled draconian
 12065 | Volcano  | Killed a mottled draconian
 12065 | Volcano  | Reached skill level 5 in Dodging
 12589 | Lair:2   | Noticed a four-headed hydra
 12596 | Lair:2   | Killed a four-headed hydra
 12598 | Lair:2   | Received a gift from Trog
 12643 | Lair:2   | Identified the +0 leather armour of Okawaru's Reproof {rElec rPois rN+++ Str-2} (You found it on level 10 of the Dungeon)
 14009 | Lair:4   | Found a white marble altar of Elyvilon.
 14604 | Lair:5   | Noticed a six-headed hydra
 14610 | Lair:5   | Killed a six-headed hydra
 14881 | Lair:5   | Received a gift from Trog
 14911 | Lair:5   | Got an encrusted war axe
 14912 | Lair:5   | Identified the cursed -1 war axe of Zantuex {venom, Noisy rF+ rC+ Int+3 Dex+4} (You found it on level 5 of the Lair of Beasts)
 15126 | Lair:5   | Got an ancient robe
 15137 | Lair:5   | Identified the +2 robe of the Valley {+Blink rPois MR+ Dex+3} (You found it on level 5 of the Lair of Beasts)
 15387 | Lair:5   | Reached XP level 13. HP: 108/108 MP: 5/5
 16046 | Lair:6   | Received a gift from Trog
 16054 | Lair:6   | Found a hole to the Spider Nest.
 16082 | Lair:6   | Found a staircase to the Shoals.
 16202 | Lair:6   | Received a gift from Trog
 16263 | Lair:6   | Found a staircase to the Swamp.
 16357 | Lair:6   | Identified a scroll of acquirement
 16550 | Lair:7   | Received a gift from Trog
 16755 | Lair:7   | Reached skill level 10 in Fighting
 16935 | Lair:7   | Received a gift from Trog
 17081 | Lair:7   | Found a deep blue altar of Sif Muna.
 17517 | Lair:8   | Entered Level 8 of the Lair of Beasts
 17852 | Lair:7   | Received a gift from Trog
 18106 | Lair:8   | Found a viscous altar of Jiyva.
 18106 | Lair:8   | Found a staircase to the Slime Pits.
 18424 | Lair:8   | HP: 5/177 [fire dragon/blast of flame (39)]
 18937 | Lair:8   | Reached XP level 14. HP: 103/127 MP: 5/5
 19002 | Lair:8   | Reached skill level 10 in Armour
 20018 | Lair:5   | Reached skill level 10 in Dodging
 20249 | D:11     | Reached skill level 1 in Evocations
 20275 | D:11     | Found Wilovoero's Distillery.
 20286 | D:11     | Bought a potion of curing for 45 gold pieces
 20286 | D:11     | Bought a potion of curing for 45 gold pieces
 20286 | D:11     | Bought a potion of curing for 45 gold pieces
 20504 | D:11     | Noticed Sonja
 20524 | D:11     | Killed Sonja
 20749 | D:11     | Received a gift from Trog
 21686 | D:12     | Found a frozen archway.
 21705 | D:12     | Received a gift from Trog
 22481 | D:12     | Noticed Fannar
 22488 | D:12     | Killed Fannar
 22583 | D:12     | Found a staircase to the Orcish Mines.
 22599 | Orc:1    | Entered Level 1 of the Orcish Mines
 22955 | Orc:2    | Noticed Urug
 22971 | Orc:2    | Killed Urug
 23323 | Orc:3    | Found Uqonurr's General Store.
 23335 | Orc:3    | Received a gift from Trog
 23360 | Orc:3    | Bought the +2 glaive of Wrongful Imprisonment {elec, rPois rN+ MR+ Dex-5} for 550 gold pieces
 23360 | Orc:3    | Bought a bread ration for 75 gold pieces
 23360 | Orc:3    | Bought a bread ration for 75 gold pieces
 23360 | Orc:3    | Bought a beef jerky for 22 gold pieces
 23360 | Orc:3    | Bought a bread ration for 75 gold pieces
 23360 | Orc:3    | Bought a scroll of remove curse for 45 gold pieces
 23527 | Orc:3    | Noticed Leibowitz's ghost (powerful MfGl)
 23540 | Orc:3    | Killed Leibowitz's ghost
 23903 | Orc:4    | Entered Level 4 of the Orcish Mines
 23994 | Orc:4    | Received a gift from Trog
 24136 | Orc:4    | Found a staircase to the Elven Halls.
 24223 | Orc:4    | Found Emou's Gadget Emporium.
 24226 | Orc:4    | Received a gift from Trog
 24239 | Orc:4    | Found Kaarhama's Armour Shop.
 24264 | Orc:4    | Bought a wand of heal wounds (5) for 702 gold pieces
 24265 | Orc:4    | Found Gran's Armour Shop.
 24269 | Orc:4    | Found Tegeah's General Store.
 24680 | Elf:1    | Entered Level 1 of the Elven Halls
 25158 | Orc:2    | Found an iron altar of Okawaru.
 25164 | Orc:2    | Noticed Nergalle
 25168 | Orc:2    | Killed Nergalle
 25373 | Orc:1    | Found a bloodstained altar of Trog.
 25462 | Orc:1    | Noticed Edmund
 25470 | Orc:1    | Killed Edmund
 25857 | D:12     | Received a gift from Trog
 25858 | D:12     | Got a translucent quarterstaff {god gift}
 25859 | D:12     | Identified the +10 quarterstaff "Diwnieso" {venom, Noisy rC- rN++ MR+ Dex+2} (Trog gifted it to you on level 12 of the Dungeon)
 26206 | D:12     | Upgraded the game from 0.16.0-11-gd45b091 to 0.16.0-12-g7215832
 26227 | D:12     | Reached XP level 15. HP: 139/139 MP: 13/17
 26266 | D:12     | Reached skill level 5 in Evocations
 26377 | D:12     | Got a steaming chain mail
 26388 | D:12     | Identified the +2 chain mail of Greed {MP+9 Dex+2} (You found it on level 12 of the Dungeon)
 26432 | D:12     | Reached skill level 15 in Fighting
 26700 | D:13     | Noticed Nessos
 26811 | D:13     | Found a gate to the Vaults.
 26833 | D:13     | Noticed Psyche
 26837 | D:13     | Killed Psyche
 27569 | D:13     | Received a gift from Trog
 27606 | D:13     | Noticed Josephine
 27612 | D:13     | Killed Josephine
 27999 | D:14     | Noticed Kirke
 28003 | D:14     | Killed Kirke
 28037 | D:14     | Received a gift from Trog
 28139 | D:14     | Found Triror's Assorted Antiques.
 28146 | D:14     | Bought a potion of heal wounds for 165 gold pieces
 28146 | D:14     | Bought a scroll of remove curse for 99 gold pieces
 28146 | D:14     | Bought a scroll labeled NEMOMIXKEZ for 33 gold pieces
 28414 | D:14     | Received a gift from Trog
 28720 | D:14     | Received a gift from Trog
 28776 | D:15     | Entered Level 15 of the Dungeon
 28922 | D:15     | Received a gift from Trog
 29148 | D:15     | Killed Nessos
 29274 | D:15     | Found Creir's Antique Weapon Emporium.
 29766 | D:15     | Found a staircase to the Depths.
 30502 | Spider:1 | Entered Level 1 of the Spider Nest
 30510 | Spider:1 | Received a gift from Trog
 30799 | Spider:1 | Reached skill level 1 in Staves
 31106 | Spider:1 | Reached XP level 16. HP: 149/152 MP: 18/18
 33122 | Spider:3 | Blown up by an orb spider

Action                   |  1- 3 |  4- 6 |  7- 9 | 10-12 | 13-15 | 16-18 || total
-------------------------+-------+-------+-------+-------+-------+-------++-------
Melee: Mace              |    60 |   114 |    77 |       |       |       ||   251
       Great mace        |       |       |   208 |   454 |   799 |     4 ||  1465
       Quarterstaff      |       |       |       |       |    43 |    79 ||   122
       Unarmed           |       |       |       |       |    21 |       ||    21
Throw: Tomahawk          |    20 |     2 |       |       |   195 |    73 ||   290
       Stone             |       |    52 |    53 |   183 |    59 |       ||   347
       Javelin           |       |       |       |       |   176 |     5 ||   181
Invok: Trog's Hand       |       |     2 |     2 |     1 |    17 |       ||    22
       Berserk           |       |     1 |     2 |       |     1 |       ||     4
       Burn Spellbooks   |       |       |     2 |     3 |     4 |     2 ||    11
       Brothers in Arms  |       |       |       |     2 |    11 |       ||    13
Evoke: Wand              |       |       |       |       |     6 |       ||     6
  Use: Potion            |     6 |     3 |     3 |     3 |     7 |       ||    22
       Scroll            |     5 |     3 |     6 |    16 |    22 |       ||    52
 Stab: Distracted        |       |       |       |     1 |       |       ||     1
       Sleeping          |       |       |       |       |     1 |       ||     1
  Eat: Bread ration      |     1 |       |     2 |     2 |     8 |     1 ||    14
       Meat ration       |       |     2 |       |     1 |     2 |       ||     5
       Fruit             |       |       |     5 |     6 |       |       ||    11
       Chunk             |       |       |     1 |       |       |       ||     1
       Beef jerky        |       |       |       |     2 |     1 |       ||     3
       Royal jelly       |       |       |       |     2 |       |       ||     2
       Pizza             |       |       |       |       |     3 |       ||     3
